AoeStats
← saschauli

Arena

510529274Analyzed
1v1 RM · 2d ago on Oct 1, 2026· 47m 46s· 2 players
Game mode
Random Map
Map size
Tiny (2 player)
Population
200
Speed
Normal
Resources
Standard
Victory
Conquest
Starting age
Dark Age
Ending age
Imperial Age
RankedLock teamsTeams togetherTeam positionsShared explorationLock speedFull tech treeHidden civsTurbo modeCheats
Victory
Defeat
🇩🇪 Poles · Germany
917
+14
🇹🇷 Portuguese · Türkiye
880
-14
Bu7
3:39 Loom
5:57 Loom
12:30 Feudal Age
13:05 Horse Collar
13:12 Double-Bit Axe
14:10 Loom
14:29 Loom
17:12 Castle Age
18:16 Bow Saw
18:26 Heavy Plow
19:06 Fletching
19:08 Gold Mining
19:09 Stone Mining
20:22 Bodkin Arrow
22:08 Town Watch
22:37 Forging
23:38 Wheelbarrow
23:41 Stone Shaft Mining
25:21 Hand Cart
26:07 Town Patrol
31:44 Husbandry
31:55 Bloodlines
35:15 Imperial Age
35:08 Circumnavigation
38:17 Two-Man Saw
40:42 Arquebus
44:31 Pikeman
46:06 Conscription
46:06 Halberdier
saschauli
10:13 Feudal Age
16:34 Castle Age
14:33 Horse Collar
14:47 Loom
14:55 Double-Bit Axe
15:19 Stone Mining
16:18 Forging
16:47 Scale Barding Armor
19:33 Scale Mail Armor
21:49 Fletching
22:58 Chain Mail Armor
24:00 Squires
25:40 Bodkin Arrow
31:47 Iron Casting
35:05 Gold Mining
35:51 Stone Shaft Mining
35:47 Chain Barding Armor
35:03 Light Cavalry
35:54 Bloodlines
35:46 Husbandry
39:41 Wheelbarrow
41:42 Imperial Age
43:32 Heavy Plow
43:57 Hand Cart
45:09 Blast Furnace
43:57 Winged Hussar
45:26 Conscription
45:37 Conscription
45:55 Bracer
47:37 Lechitic Legacy
Connection lost

Rejoining the realm…

Still unreachable

The connection could not be restored.

Session expired

The server has moved on; the page needs a fresh start.